 Dungeon Crawl Stone Soup version 0.30-a0-779-g7971cf19c3 (webtiles) character file.

Game seed: 13504225143219028461

7 Smoke131 the Sneak (level 1, -1/10 HPs)
             Began as a Vampire Enchanter on Feb 18, 2023.
             Slain by an endoplasm (3 damage)
             ... on level 1 of the Dungeon.
             The game lasted 00:01:20 (277 turns).

Smoke131 the Sneak (Vampire Enchanter)               Turns: 277, Time: 00:01:20

Health: -1/10      AC:  2    Str:  7    XL:     1   Next: 91%
Magic:  3/3        EV: 12    Int: 17    God:
Gold:   37         SH:  0    Dex: 14    Spells: 4/4 levels left

rFire   . . .      SeeInvis +    a - +1 dagger
rCold   + + .      Faith    .    (no shield)
rNeg    + + +      Spirit   .    b - +0 robe
rPois   ∞          Reflect  .    (no helmet)
rElec   .          Harm     .    (no cloak)
rCorr   .          Rampage  .    (no gloves)
Will    .....                    (no boots)
Stlth   +++++                    (no amulet)
HPRegen 0.00/turn                (no ring)
MPRegen 0.08/turn                (no ring)

@: bloodless, inhibited regen, invisible
A: bloodless, fangs 3, see invisible, vampiric 1
a: Revivify


You were on level 1 of the Dungeon.
You visited 1 branch of the dungeon, and saw 1 of its levels.

You collected 37 gold pieces.

Inventory:

Hand Weapons
 a - a +1 dagger (weapon)
 d - a +0 rapier
Armour
 b - a +0 robe (worn)
Scrolls
 e - a scroll of fog {unknown}
 f - a scroll of identify {unknown}
 g - a scroll of amnesia {unknown}
Potions
 c - a potion of invisibility


   Skills:
 + Level 1.3 Short Blades
 + Level 2.3 Dodging
 + Level 4.6 Stealth
 + Level 2.1 Spellcasting
 + Level 4.5 Hexes


You had 4 spell levels left.
You didn't know any spells.
Your spell library contained the following spells:

 Spells                   Type           Power      Damage    Failure   Level
 Confusing Touch          Hex            17%        N/A       9%          3
 Tukima's Dance           Hex            17%        N/A       9%          3
 Ensorcelled Hibernation  Hex/Ice        18%        N/A       12%         2
 Magic Dart               Conj           4%         1d3       19%         1
 Dazzling Flash           Conj/Hex       18%        N/A       22%         3
 Searing Ray              Conj           2%         2d4       28%         2
 Fulminant Prism          Conj/Hex       4%         3d5       58%         4


Dungeon Overview and Level Annotations

Branches:
Dungeon (1/15)

Altars:

Shops:
D:1 =


Innate Abilities, Weirdness & Mutations

You do not regenerate when monsters are visible.
You are frail without blood (-20% HP).
You can heal yourself when you bite living creatures.
You are immune to poison.
You have razor-sharp teeth.
You have supernaturally acute eyesight. (SInv)
You are afflicted with vampirism.


Message History

You kill the kobold!
You see here a +0 short sword.
An endoplasm comes into view.
A bat comes into view.
Found a scroll labelled LECOMU LAITADE.
An endoplasm comes into view.
The bat barely misses you.
Found a stone staircase leading down.
The bat closely misses you.
A goblin comes into view. It is wielding a +0 dagger.
Found Luith's Jewellery Emporium.
The bat hits you.
The endoplasm quivers.
The bat closely misses you. The endoplasm misses you.
You hit the endoplasm but do no damage. The bat closely misses you.
The endoplasm freezes you.
You are frozen.
You resist. The bat hits you but does no damage.
The endoplasm attacks as you move away! The endoplasm hits you.
The bat hits you. The endoplasm attacks as you move away!
The endoplasm completely misses you.
Found a brown potion.
The bat misses you. The bat hits you.
Found a stone staircase leading down.
The bat hits you but does no damage. The bat hits you.
The endoplasm attacks as you move away! The endoplasm barely misses you.
The bat attacks as you move away! The bat closely misses you.
The bat barely misses you. The bat misses you.
You fade into invisibility!
The bat closely misses you. The endoplasm hits you.
* * * LOW HITPOINT WARNING * * *
You hit the endoplasm.
The endoplasm is lightly wounded.
The endoplasm freezes you.
You are frozen.
You resist.
* * * LOW HITPOINT WARNING * * *
You hit the endoplasm.
The endoplasm is heavily wounded.
The endoplasm hits you.
You die...

#...##
#.#...........####......
###..#
#.#...........#####..... #..#
#.#.....................
#..###.####.#.............##.
###...#..# ###...###......##
.........## #..#...!.....
.....#....#♣#♣#.b..###.....
.........##.♣.##J### .....
.........#P#<#P#@# ##.##
.........##P.P##.#
.....#...#P♣.♣P#.#
....##...#♣...♣#>.
.........#.....#..
.........#.~8~.#...
.........#.~~~.#...
.......###.~#~.###..
...#.#.###+###'#


You could see an endoplasm and a bat.

Vanquished Creatures
  2 endoplasms (D:1)
  2 goblins (D:1)
  2 kobolds (D:1)
  A rat (D:1)
7 creatures vanquished.

Notes
Turn   | Place    | Note
-------+----------+-------------------------------------------
     0 | D:1      | Smoke131 the Vampire Enchanter began the quest for the Orb.
     0 | D:1      | Reached XP level 1. HP: 13/13 MP: 3/3
   260 | D:1      | Found Luith's Jewellery Emporium.
   277 | D:1      | Slain by an endoplasm

Illustrated notes

Levels and vault maps discovered:
D:1:      tarquinn_simple_flora_water_d, layout_rooms, serial_shops, shop

Action                     || total
---------------------------++-------
  Melee: Dagger            ||    34
         Bite              ||     2
Ability: Exsanguinate      ||     1
    Use: Potion            ||     1
   Stab: Sleeping          ||     1
 Armour: Robe              ||     4
  Dodge: Dodged            ||    27

Table legend: (Time is in decaauts)
 A = Elapsed time spent in this place.
 B = Non-inter-level travel time spent in this place.
 C = Inter-level travel time spent in this place.
 D = Time resting spent in this place.
 E = Time spent auto-exploring this place.
 F = Levels seen in this place.
 G = Mean time per level.
                   A        B        C        D        E       F      G
               +--------+--------+--------+--------+--------+-----+--------+
         Total |    275 |    275 |      0 |     37 |    124 |   1 |  275.0 |
       Dungeon |    275 |    275 |      0 |     37 |    124 |   1 |  275.0 |
               +--------+--------+--------+--------+--------+-----+--------+

Top non-repeatable levels by time:
     D:1: 275 daAuts
